 Dungeon Crawl Stone Soup version 0.21.0-3-g78d12a8 (webtiles) character file.

173 inmateoo the Ruffian (level 5, -6/38 HPs)
             Began as a Ghoul Air Elementalist on Jan 10, 2018.
             Splashed by a hobgoblin's acid (10 damage)
             ... on level 3 of the Dungeon.
             The game lasted 00:03:49 (2600 turns).

inmateoo the Ruffian (Ghoul Air Elementalist)       Turns: 2600, Time: 00:03:50

Health: -6/38      AC:  6    Str: 13    XL:     5   Next: 53%
Magic:  6/6        EV: 11    Int: 10    God:
Gold:   47         SH:  0    Dex:  9    Spells: 4/7 levels left

rFire    . . .     SeeInvis .     - Unarmed
rCold    + . .     Gourm    .   (no shield)
rNeg     + + +     Faith    .   d - +0 leather armour
rPois    ∞         Spirit   .   (no helmet)
rElec    .         Reflect  .   i - +0 cloak
rCorr    .         Harm     .   f - +1 pair of gloves
MR       .....                  (no boots)
Stlth    +.........             (no amulet)
HPRegen  0.00/turn              (no ring)
MPRegen  0.10/turn              (no ring)

@: rotting
A: rotting body, claws 1, carnivore, cold resistance 1, negative energy
resistance 3, inhibited regeneration, torment resistance, unbreathing
a: no special abilities


You were on level 3 of the Dungeon.
You were not hungry.

You visited 1 branch of the dungeon, and saw 3 of its levels.

You collected 47 gold pieces.

Inventory:

Armour
 a - a +0 ring mail
 d - a +0 leather armour (worn)
 f - a +1 pair of gloves (worn)
 i - a +0 cloak (worn)
Scrolls
 g - a scroll of identify
Potions
 e - 3 potions of curing
 h - a potion of haste {unknown}
 j - a potion of agility {unknown}
 k - a potion of ambrosia {unknown}
Books
 b - a book of Air

   Spells                             Type                      Level
   a - Shock                          Conjuration/Air              1
   b - Swiftness                      Charms/Air                   2
   c - Static Discharge               Conjuration/Air              3
   d - Airstrike                      Air                          4
   e - Lightning Bolt                 Conjuration/Air              5
Comestibles
 c - a ration


   Skills:
 - Level 1.7 Dodging
 - Level 2.1 Stealth
 + Level 5.6 Unarmed Combat
 - Level 1.7 Spellcasting
 - Level 0.7 Conjurations
 - Level 2.4 Air Magic


You had 4 spell levels left.
You knew the following spells:

 Your Spells              Type           Power        Failure   Level  Hunger
a - Shock                 Conj/Air       #...         22%         1    ##.....
b - Swiftness             Chrm/Air       #.......     36%         2    ###....


Dungeon Overview and Level Annotations

Branches:
Dungeon (3/15)

Altars:

Annotations:
D:2 Terence


Innate Abilities, Weirdness & Mutations

Your body is rotting away.
You thrive on raw meat.
You are immune to poison.
You have sharp fingernails.
You are carnivorous and can eat meat at any time.
Your flesh is cold resistant. (rC+)
You are immune to negative energy. (rN+++)
You do not regenerate when monsters are visible.
You are immune to unholy pain and torment.
You can survive without breathing.


Message History

You hit the orc but do no damage.
The orc is almost dead.
The orc closely misses you.
You closely miss the orc.
The orc is almost dead.
The orc hits you but does no damage.
You barely miss the orc.
The orc is severely wounded.
The orc barely misses you.
You barely miss the orc.
The orc is severely wounded.
You hit the orc.
You kill the orc!
The kobold throws a stone.
The stone closely misses you.
You swing at nothing.
The kobold throws a stone.
The stone misses you.
You swing at nothing.
The hobgoblin zaps a wand.
The bolt of acid misses the kobold.
The bolt of acid hits you!
* * * LOW HITPOINT WARNING * * *
You are splashed with acid!
The acid burns!
You die...

## #. .. .##
.(# #.# #.# #@#
#<# #K#
#...ogw......
.......gr..[...
###............
......<.....l.
#####.......K/.
...l##.........


You could see a worm, an orc, a hobgoblin, a goblin, a kobold and a rat.

Vanquished Creatures
  An orc priest (D:2)
  2 orc wizards
  4 adders
  3 dart slugs (D:2)
  A leopard gecko (D:3)
  7 orcs
  2 giant cockroaches (D:1)
  8 goblins
  A hobgoblin (D:1)
  A ball python (D:1)
  8 bats
  2 frilled lizards
  3 kobolds
  7 rats
50 creatures vanquished.

Notes
Turn   | Place    | Note
-------+----------+-------------------------------------------
     0 | D:1      | inmateoo the Ghoul Air Elementalist began the quest for the Orb.
     0 | D:1      | Reached XP level 1. HP: 14/14 MP: 2/2
     0 | D:1      | Noticed a shadow dragon
     0 | D:1      | Noticed an orb of fire
     1 | D:1      | Noticed an ice dragon
     1 | D:1      | Noticed an iron dragon
     3 | D:1      | Noticed an ice dragon
     3 | D:1      | Noticed a large abomination
     5 | D:1      | Noticed an iron dragon
     6 | D:1      | Noticed an ice dragon
     7 | D:1      | Noticed an ice dragon
     8 | D:1      | Noticed a shadow dragon
    10 | D:1      | Noticed a tentacled monstrosity
    10 | D:1      | Noticed an orb of fire
    12 | D:1      | Noticed an ice dragon
    14 | D:1      | Noticed a green draconian
    14 | D:1      | Noticed a shadow dragon
    14 | D:1      | Noticed a red draconian
    16 | D:1      | Noticed a green draconian
    18 | D:1      | Noticed an ice dragon
    18 | D:1      | Noticed a shadow dragon
    39 | D:1      | Reached skill level 1 in Unarmed Combat
   120 | D:1      | Reached XP level 2. HP: 10/20 MP: 0/3
   336 | D:1      | Reached skill level 2 in Unarmed Combat
  1038 | D:2      | Reached XP level 3. HP: 23/26 MP: 4/4
  1346 | D:2      | Reached skill level 3 in Unarmed Combat
  1907 | D:2      | Reached skill level 4 in Unarmed Combat
  1907 | D:2      | Reached XP level 4. HP: 25/33 MP: 5/5
  2379 | D:2      | Reached XP level 5. HP: 25/37 MP: 6/6
  2391 | D:2      | Learned a level 2 spell: Swiftness
  2504 | D:2      | Noticed Terence
  2522 | D:3      | Reached skill level 5 in Unarmed Combat
  2600 | D:3      | Splashed by a hobgoblin's acid

Skill      XL: |  1  2  3  4  5 |
---------------+----------------+-----
Unarmed Combat | 1 2 4 5 |  5.6
Dodging        | |  1.7
Stealth        | |  2.1
Spellcasting   | |  1.7
Conjurations   | |  0.7
Air Magic      | |  2.4

Action                   |  1- 3 |  4- 6 || total
-------------------------+-------+-------++-------
Melee: Unarmed           |   151 |   106 ||   257
       Punch             |     1 |     1 ||     2
 Cast: Shock             |     4 |       ||     4
  Use: Scroll            |     3 |       ||     3
 Stab: Sleeping          |     3 |       ||     3
  Eat: Chunk             |    11 |     1 ||    12
Armor: Robe              |     2 |       ||     2
       Leather armour    |    49 |    24 ||    73
Dodge: Dodged            |   110 |    47 ||   157
